 Dungeon Sprint DCSS version 0.19.1 (webtiles) character file.

8500000 Groucho the Axe Maniac (level 27, -48/249 HPs)
             Began as a Demonspawn Berserker on Dec 15, 2016.
             Was the Champion of Makhleb.
             Annihilated by a destroyer
             ... wielding a +9 great sword of slicing
              (186 damage)
             ... in the Dungeon (Sprint VIII: "Arena of Blood").
             The game lasted 00:02:09 (85 turns).

Groucho the Axe Maniac (Demonspawn Berserker)         Turns: 85, Time: 00:02:09

Health: -48/249    AC:  8    Str: 28    XL:     27
Magic:  54/54      EV: 43    Int:  9    God:    Makhleb [******]
Gold:   0          SH:  0    Dex: 25    Spells: 0 memorised, 80 levels left

rFire  . . .     SeeInvis .     j - +∞ Axe of Woe
rCold  + . .     Gourm    .     b - +0 animal skin
rNeg   . . .     Faith    .     (shield currently unavailable)
rPois  .         Spirit   .     (no helmet)
rElec  .         Reflect  .     (no cloak)
rCorr  +         Harm     .     (no gloves)
MR     ++...     NoTele   +     (boots unavailable)
Stlth  ++++++++++               (no amulet)
                                (no ring)
                                (no ring)

@: mighty, agile
A: hooves 3, yellow scales 3, cold resistance 1, passive freeze, powered by
death 3, powered by pain 3, freezing cloud immunity
a: Minor Destruction, Lesser Servant of Makhleb, Major Destruction, Greater
Servant of Makhleb, Renounce Religion


You were in the Dungeon.
You worshipped Makhleb.
Makhleb was exalted by your worship.
You were not hungry.

You visited 1 branch

Inventory:

Hand Weapons
 a - a +0 hand axe
 j - the +∞ Axe of Woe (weapon)
   (You found it in the Dungeon)
Armour
 b - a +0 animal skin (worn)
Scrolls
 i - a scroll of blinking
Potions
 d - a potion of curing
 e - a potion of heal wounds
 f - a potion of haste
 g - 2 potions of magic
 h - a potion of berserk rage
Comestibles
 c - a bread ration


   Skills:
 O Level 27 Fighting
 O Level 27 Axes
 O Level 27 Throwing
 O Level 27 Armour
 O Level 27 Dodging
 O Level 27 Stealth
 O Level 27 Unarmed Combat
 O Level 27 Spellcasting
 O Level 27 Invocations


You had 80 spell levels left.
You didn't know any spells.

Dungeon Overview and Level Annotations

Branches:
Dungeon (1/1)

Altars:
Makhleb


Innate Abilities, Weirdness & Mutations

You have hooves in place of feet.
You are completely covered in yellow scales. (AC +4, rCorr)
Your flesh is cold resistant. (rC+)
A frigid envelope surrounds you and freezes all who hurt you.
You regenerate a lot of health from kills.
You are powered by pain.
You are immune to freezing clouds.


Message History

An ogre and a skeletal warrior come into view.
You slash the sculptor of flesh!
You butcher the sculptor of flesh messily.
You destroy the sculptor of flesh!
Makhleb accepts your kill.
You feel better.
You hear a shout! x4
An accursed comes into view. 2 orcs, an ogre, a vampire knight, a wraith and a lich come into view.
The destroyer is wielding a +9 great sword of slicing.
You hear a shout! x6
The destroyer hits you with a +9 great sword of slicing!!!
The destroyer resists.
The destroyer is very cold.
The destroyer is lightly damaged.
The destroyer bites you!
The destroyer draws strength from your injuries!
The destroyer appears unharmed.
The destroyer hits you with a +9 great sword of slicing!!!!!
Ouch! That really hurt!
You die... ooL......

...........
........V .
#.Oo....# #..
#.......# .
....###.Mo....###..
.......O.###.......
#...MV@))_).......
......V#))x))#.
..O....#_)<)_#
2......#..)))#
.#........_))....%.
....W....###...%...
....###... .z.###..
.... #... ...# .
#... ...#


You could see 2 accurseds, a meat beast (wandering), a tyrant (wandering), 3
destroyers, a sculptor of flesh, a dread, 3 meat berserkers, 4 bags of meat and
a crawling corpse.

Vanquished Creatures
  A hell beast (D)
  3 greater mummies (D)
  2 wraiths (D)
  Harold (D)
  11 vampire knights (D)
  23 ogres (D)
  A lich (D)
  55 orcs (D)
  3 hill giants (D)
  4 skeletal warriors (D)
  3 large abominations (D)
  5 small abominations (D)
  A troll (D)
  A two-headed ogre (D)
  2 black bears (D)
  11 crawling corpses (D)
127 creatures vanquished.

Notes
Turn   | Place    | Note
-------+----------+-------------------------------------------
     0 | D        | Groucho the Demonspawn Berserker began the quest for the Orb.
     0 | D        | Reached XP level 1. HP: 18/18 MP: 1/1
     3 | D        | Noticed a bag of meat
     3 | D        | Noticed a bag of meat
     4 | D        | Fell from the grace of Trog
     4 | D        | Became a worshipper of Makhleb the Destroyer
     5 | D        | Noticed a bag of meat
     5 | D        | Noticed a bag of meat
     6 | D        | Noticed a bag of meat
     7 | D        | Noticed a bag of meat
     8 | D        | Noticed a bag of meat
     9 | D        | Killed a bag of meat
     9 | D        | Gained mutation: You have large cloven feet. [demonic ancestry]
     9 | D        | Reached XP level 2. HP: 40/40 MP: 2/2
     9 | D        | Reached XP level 3. HP: 46/46 MP: 3/3
     9 | D        | Gained mutation: You sometimes gain a little power by taking damage. [demonic ancestry]
     9 | D        | Reached XP level 4. HP: 53/53 MP: 4/4
     9 | D        | Gained mutation: You are partially covered in yellow scales. (AC +2) [demonic ancestry]
     9 | D        | Reached XP level 5. HP: 59/59 MP: 5/5
     9 | D        | Gained mutation: You regenerate a little health from kills. [demonic ancestry]
     9 | D        | Reached XP level 6. HP: 66/66 MP: 6/6
     9 | D        | Gained mutation: You have hoof-like feet. [demonic ancestry]
     9 | D        | Reached XP level 7. HP: 72/72 MP: 7/7
     9 | D        | Gained mutation: You have hooves in place of feet. [demonic ancestry]
     9 | D        | Reached XP level 8. HP: 79/79 MP: 8/8
     9 | D        | Reached XP level 9. HP: 85/85 MP: 9/9
     9 | D        | Gained mutation: You are mostly covered in yellow scales. (AC +3) [demonic ancestry]
     9 | D        | Reached XP level 10. HP: 92/92 MP: 10/10
     9 | D        | Reached XP level 11. HP: 98/98 MP: 11/11
     9 | D        | Killed a bag of meat
     9 | D        | Reached * piety under Makhleb
     9 | D        | Reached skill level 15 in Fighting
     9 | D        | Gained mutation: You regenerate health from kills. [demonic ancestry]
     9 | D        | Reached XP level 12. HP: 110/110 MP: 12/12
    10 | D        | Noticed a bag of meat
    10 | D        | Noticed a bag of meat
    10 | D        | Noticed a bag of meat
    10 | D        | Noticed a meat berserker
    10 | D        | Killed a bag of meat
    10 | D        | Gained mutation: You sometimes gain power by taking damage. [demonic ancestry]
    10 | D        | Reached XP level 13. HP: 119/119 MP: 13/13
    10 | D        | Killed a bag of meat
    10 | D        | Reached XP level 14. HP: 129/129 MP: 14/14
    11 | D        | Noticed a bag of meat
    11 | D        | Killed a bag of meat
    11 | D        | Reached ** piety under Makhleb
    12 | D        | Killed a bag of meat
    12 | D        | Gained mutation: You are completely covered in yellow scales. (AC +4, rCorr) [demonic ancestry]
    12 | D        | Reached XP level 15. HP: 139/139 MP: 15/15
    13 | D        | Killed a meat berserker
    13 | D        | Reached *** piety under Makhleb
    13 | D        | Reached XP level 16. HP: 152/152 MP: 16/16
    15 | D        | Reached skill level 27 in Axes
    15 | D        | Reached skill level 27 in Dodging
    16 | D        | Reached skill level 27 in Fighting
    16 | D        | Reached XP level 17. HP: 174/174 MP: 16/22
    18 | D        | Reached **** piety under Makhleb
    19 | D        | Noticed a meat berserker
    21 | D        | Noticed a large bag of meat
    22 | D        | Noticed a meat berserker
    22 | D        | Killed a meat berserker
    22 | D        | Reached skill level 15 in Invocations
    22 | D        | Reached XP level 18. HP: 182/182 MP: 17/33
    24 | D        | Killed a meat berserker
    24 | D        | Reached ***** piety under Makhleb
    25 | D        | Killed a large bag of meat
    25 | D        | Reached skill level 15 in Stealth
    25 | D        | Reached skill level 15 in Throwing
    25 | D        | Reached skill level 15 in Armour
    25 | D        | Reached skill level 15 in Unarmed Combat
    25 | D        | Reached skill level 15 in Spellcasting
    26 | D        | Noticed a meat berserker
    27 | D        | Noticed a meat berserker
    28 | D        | Noticed a meat berserker
    28 | D        | Reached XP level 19. HP: 189/189 MP: 37/39
    31 | D        | Noticed a destroyer
    31 | D        | Killed a meat berserker
    31 | D        | Killed a meat berserker
    31 | D        | Killed a meat berserker
    31 | D        | Reached XP level 20. HP: 197/197 MP: 38/43
    32 | D        | Noticed a meat berserker
    32 | D        | Noticed a meat berserker
    33 | D        | Killed a destroyer
    33 | D        | Reached skill level 27 in Invocations
    34 | D        | Killed a meat berserker
    34 | D        | Reached ****** piety under Makhleb
    34 | D        | Gained mutation: You regenerate a lot of health from kills. [demonic ancestry]
    34 | D        | Reached XP level 21. HP: 204/204 MP: 38/47
    37 | D        | Noticed The Servant
    38 | D        | Noticed a destroyer
    39 | D        | Reached skill level 27 in Stealth
    39 | D        | Gained mutation: Your flesh is cold resistant. (rC+) [demonic ancestry]
    39 | D        | Reached XP level 22. HP: 212/212 MP: 40/51
    41 | D        | Noticed a destroyer
    41 | D        | Reached skill level 27 in Throwing
    41 | D        | Reached skill level 27 in Armour
    41 | D        | Reached skill level 27 in Unarmed Combat
    41 | D        | Reached skill level 27 in Spellcasting
    44 | D        | Noticed a destroyer
    44 | D        | Killed a destroyer
    44 | D        | Reached XP level 23. HP: 219/219 MP: 41/54
    47 | D        | Noticed a destroyer
    48 | D        | Noticed a destroyer
    48 | D        | Killed a destroyer
    48 | D        | Reached XP level 24. HP: 150/227 MP: 42/54
    49 | D        | Killed a destroyer
    50 | D        | Gained mutation: You are immune to freezing clouds. [demonic ancestry]
    50 | D        | Reached XP level 25. HP: 181/234 MP: 42/54
    51 | D        | Killed a destroyer
    53 | D        | Killed a destroyer
    53 | D        | Gained mutation: You are powered by pain. [demonic ancestry]
    53 | D        | Reached XP level 26. HP: 242/242 MP: 43/54
    57 | D        | Killed The Servant
    57 | D        | Gained mutation: A frigid envelope surrounds you and freezes all who hurt you. [demonic ancestry]
    57 | D        | Reached XP level 27. HP: 249/249 MP: 54/54
    59 | D        | Noticed a destroyer
    59 | D        | Noticed an accursed
    61 | D        | Noticed a tyrant
    62 | D        | Noticed a destroyer
    62 | D        | Killed an accursed
    66 | D        | Noticed a destroyer
    67 | D        | Noticed a dread
    67 | D        | Noticed a meat beast
    70 | D        | Noticed an accursed
    70 | D        | Killed a destroyer
    72 | D        | Killed a destroyer
    73 | D        | Killed a meat beast
    73 | D        | Killed a destroyer
    74 | D        | Killed a dread
    75 | D        | Noticed a destroyer
    76 | D        | Noticed a dread
    76 | D        | Noticed an accursed
    76 | D        | Noticed an accursed
    78 | D        | Noticed a destroyer
    78 | D        | Killed a destroyer
    78 | D        | Killed an accursed
    80 | D        | Noticed a destroyer
    80 | D        | Killed a tyrant
    81 | D        | Killed a dread
    82 | D        | Noticed a destroyer
    83 | D        | Killed a destroyer
    83 | D        | Killed an accursed
    85 | D        | Noticed an accursed
    85 | D        | Noticed a dread
    85 | D        | Noticed a tyrant
    85 | D        | Noticed a destroyer
    85 | D        | Annihilated by a destroyer

Skill      XL: |  1  2  3  4  5  6  7  8  9 10 11 12 13 14 15 16 17 18 19 20 21 22 |
---------------+-------------------------------------------------------------------+-----
Fighting       | 13 15 16 17 19 21 27 | 27.0
Axes           | 16 19 20 21 23 26 27 | 27.0
Dodging        | 16 18 20 21 23 26 27 | 27.0
Throwing       | 3 11 15 19 22 25 27 | 27.0
Armour         | 3 11 16 19 22 25 27 | 27.0
Stealth        | 3 12 17 21 23 27 | 27.0
Unarmed Combat | 3 11 15 19 22 25 27 | 27.0
Spellcasting   | 3 11 16 19 22 25 27 | 27.0
Invocations    | 4 15 21 26 27 | 27.0

Action                   |  1- 3 |  4- 6 |  7- 9 | 10-12 | 13-15 | 16-18 | 19-21 | 22-24 | 25-27 || total
-------------------------+-------+-------+-------+-------+-------+-------+-------+-------+-------++-------
Melee: Executioner's axe |     1 |       |       |     1 |     3 |     8 |     6 |    11 |    32 ||    62
Dodge: Dodged            |       |       |       |       |       |     9 |     3 |       |     2 ||    14
